 Dungeon Crawl Stone Soup version 0.28-a0-631-g0446da8ef9 (webtiles) character file.

Game seed: 14970723404098835034

4144 OfficerJojo the Ruffian (level 10, -1/98 HPs)
             Began as a Troll Monk on Oct 10, 2021.
             Was a Priest of Wu Jian.
             Succumbed to a killer bee's poison
             ... on level 9 of the Dungeon.
             The game lasted 00:31:41 (6830 turns).

OfficerJojo the Ruffian (Troll Monk)                Turns: 6830, Time: 00:31:41

Health: -1/98      AC:  6    Str: 24    XL:     10   Next: 7%
Magic:  10/10      EV: 12    Int:  6    God:    Wu Jian [***...]
Gold:   304        SH:  0    Dex: 12    Spells: 9/11 levels left

rFire   x . .      SeeInvis .     - Unarmed
rCold   + + .      Faith    .   (no shield)
rNeg    . . .      Spirit   .   a - +0 robe
rPois   .          Reflect  .   r - +2 hat
rElec   .          Harm     .   (no cloak)
rCorr   .          Rampage  .   (gloves unavailable)
Will    .....                   (boots unavailable)
Stlth   ++........              (no amulet)
HPRegen 1.26/turn               m - ring of protection from cold
MPRegen 0.12/turn               x - ring of ice

@: lethally poisoned (-1 -> -11)
A: large, unfitting armour, claws 3, regeneration 1, shaggy fur 1, tough skin 1
a: Renounce Religion, Wall Jump, Serpent's Lash


You were on level 9 of the Dungeon.
You worshipped Wu Jian.
Wu Jian was most pleased with you.
You visited 2 branches of the dungeon, and saw 11 of its levels.

You collected 304 gold pieces.

Inventory:

Armour
 a - a +0 robe (worn)
 d - the +6 chain mail "Ciusok" {-Cast rC+ rN++ Dex+3}
   (You found it on level 7 of the Dungeon)

   Dex:       It affects your dexterity (+3).
   rC:        It protects you from cold.
   rN:        It greatly protects you from negative energy.
   -Cast:     It prevents spellcasting.
 r - a +2 hat (worn)
 y - a +0 cloak
Magical Staves
 n - a staff of earth
Jewellery
 m - a ring of protection from cold (left claw)
 x - a ring of ice (right claw)
Wands
 h - a wand of paralysis (12)
 o - a wand of mindburst (6)
 v - a wand of iceblast (32)
Scrolls
 g - 3 scrolls of immolation
 q - a scroll of holy word
 t - a scroll of enchant weapon
Potions
 j - a potion of flight
 p - 2 potions of brilliance


   Skills:
 * Level 6.2 Fighting
 * Level 5.5 Armour
 * Level 6.2 Dodging
 - Level 1.0 Stealth
 * Level 7.4 Unarmed Combat
 - Level 1.0 Spellcasting
 - Level 1.2 Conjurations
 - Level 1.1 Air Magic
 + Level 2.8 Evocations


You had 9 spell levels left.
You knew the following spells:

 Your Spells              Type           Power      Damage    Failure   Level
a - Static Discharge      Conj/Air       1%         N/A       38%         2

Your spell library contained the following spells:

 Spells                   Type           Power      Damage    Failure   Level
 Ensorcelled Hibernation  Hex/Ice        0%         N/A       56%         2
 Passwall                 Tmut/Erth      0%         N/A       56%         2
 Swiftness                Air            1%         N/A       65%         3
 Conjure Flame            Conj/Fire      1%         6-21      71%         3
 Ignite Poison            Fire/Tmut/Pois 0%         N/A       80%         3
 Spider Form              Tmut/Pois      0%         N/A       80%         3
 Sticky Flame             Conj/Fire      1%         2d3       98%         4
 Lightning Bolt           Conj/Air       0%         1d11      100%        5
 Invisibility             Hex            0%         N/A       100%        6
 Maxwell's Capacitive Co  Air            0%         ∞         100%        8


Dungeon Overview and Level Annotations

Branches:
Dungeon (10/15)            Temple (1/1) D:4
   Lair: D:8-11         Orc: D:9-12

Altars:
Ashenzari
Cheibriados
Dithmenos
Elyvilon
Fedhas
Gozag
Hepliaklqana
Kikubaaqudgha
Makhleb
Nemelex Xobeh
Okawaru
Qazlal
Ru
Sif Muna
Trog
Uskayaw
Vehumet
Wu Jian
Xom
Yredelemnul
Zin
The Shining One

Shops:
D:4 ?   D:8 *   D:9 (


Innate Abilities, Weirdness & Mutations

You are too large for most types of armour.
You have claws for hands.
Your natural rate of healing is unusually fast.
You are covered in fur. (AC +1)
You have tough skin. (AC +1)


Message History

You are more poisoned.
The killer bee poisons you! The killer bee stings you.
You are more poisoned.
The killer bee poisons you! The killer bee misses you.
The killer bee closely misses you. x2; The killer bee misses you.
The killer bee closely misses you.
You climb upwards.
You feel extremely sick.
There is a stone staircase leading down here.
You spin and attack the killer bee.
You miss the killer bee.
The killer bee is lightly wounded.
You spin and attack the killer bee.
You closely miss the killer bee.
You feel very sick. The killer bee barely misses you.
The killer bee stings you.
* * * LOW HITPOINT WARNING * * *
You are more poisoned.
The killer bee poisons you! The killer bee stings you.
* * * LOW HITPOINT WARNING * * *
You are lethally poisoned!
The killer bee poisons you! The killer bee barely misses you.
You spin and attack the killer bee.
You scratch the killer bee but do no damage.
The killer bee is lightly wounded.
* * * LOW HITPOINT WARNING * * *
You feel extremely sick. The killer bee stings you!
* * * LOW HITPOINT WARNING * * *
The killer bee barely misses you.
Okay, then.
Really read the scroll of immolation?
Okay, then.
You scratch the killer bee.
The killer bee is almost dead.
* * * LOW HITPOINT WARNING * * *
You feel very sick. The killer bee misses you.
The killer bee closely misses you.
Unknown command.
You closely miss the killer bee.
The killer bee is almost dead.
You die...

#...##..##..≈§≈............y>.#..
....#...##.§≈≈≈≈..##..........#..
##.......#∩§§≈≈≈.............##
##......#.§≈≈≈≈..............
###.#....#..≈≈§....#.........##
#...#....#♣.....#..#.....##.##
#....##..########.........###
.....###......y##.........#
......#.<.....yy@.##.....##
#......#......>y####.....#
##.....##.......# #......#
###.........#### ##.....#
##..#....## ###.## ######.## ##
#.# ###


You could see 4 killer bees.

Vanquished Creatures
  A troll (D:10)
  7 yaks
  A wraith (D:9)
  2 steam dragons
  Menkaure (D:4)
  An orc warrior (D:7)
  2 water moccasins
  2 black bears
  4 necrophages
  2 centaurs
  A bullfrog (D:7)
  A scorpion (D:5)
  2 killer bees (D:10)
  12 howler monkeys
  3 hounds
  2 jellies
  3 orc priests
  Terence (D:2)
  4 iguanas
  7 orc wizards
  A killer bee zombie (D:7)
  2 hound skeletons (D:4)
  7 adders
  A howler monkey skeleton (D:5)
  A shadow imp (D:7)
  A white imp (D:5)
  2 adder skeletons (D:4)
  A worm (D:3)
  A dart slug (D:2)
  18 orcs
  A ball python (D:2)
  2 bats (D:2)
  9 endoplasms
  A giant cockroach (D:3)
  4 hobgoblins
  4 jackals (D:2)
  2 kobolds (D:2)
  2 quokkas (D:3)
  7 frilled lizards (D:2)
  7 goblins
  A quokka skeleton (D:4)
  5 rats
139 creatures vanquished.

Vanquished Creatures (collateral kills)
  An adder skeleton (D:4)
1 creature vanquished.

Vanquished Creatures (others)
  An orc (D:7)
  A fungus (D:2)
2 creatures vanquished.

Grand Total: 142 creatures vanquished

Notes
Turn   | Place    | Note
-------+----------+-------------------------------------------
     0 | D:1      | OfficerJojo the Troll Monk began the quest for the Orb.
     0 | D:1      | Reached XP level 1. HP: 22/22 MP: 0/0
   210 | D:1      | You fall into a shaft and drop 1 floor!
   215 | D:2      | Reached XP level 2. HP: 29/29 MP: 1/1
   221 | D:2      | Noticed Terence
   262 | D:2      | Killed Terence
   263 | D:2      | Reached skill level 1 in Armour
   263 | D:2      | Reached XP level 3. HP: 36/36 MP: 2/2
   523 | D:2      | Reached XP level 4. HP: 45/45 MP: 3/3
   852 | D:2      | Found a faded altar of an unknown god.
  1072 | D:3      | Learned a level 2 spell: Static Discharge
  1381 | D:3      | Reached XP level 5. HP: 41/53 MP: 4/4
  1779 | D:4      | Found a staircase to the Ecumenical Temple.
  1791 | Temple   | Entered the Ecumenical Temple
  2044 | Temple   | Became a worshipper of the Wu Jian Council
  2044 | Temple   | Reached * piety under Wu Jian
  2044 | Temple   | Reached ** piety under Wu Jian
  2115 | D:4      | Found Tatoz's Magic Scroll Shoppe.
  2178 | D:4      | Reached skill level 4 in Unarmed Combat
  2303 | D:4      | Noticed Menkaure
  2308 | D:4      | Killed Menkaure
  2309 | D:4      | Reached XP level 6. HP: 61/61 MP: 5/5
  2532 | D:5      | Entered Level 5 of the Dungeon
  2619 | D:5      | Noticed a water moccasin
  2633 | D:5      | Killed a water moccasin
  2634 | D:5      | Reached skill level 1 in Conjurations
  2634 | D:5      | Reached XP level 7. HP: 34/68 MP: 6/6
  2776 | D:5      | Reached skill level 1 in Air Magic
  3047 | D:5      | Reached skill level 1 in Spellcasting
  3255 | D:6      | Learned a level 3 spell: Conjure Flame
  3941 | D:6      | Reached skill level 5 in Unarmed Combat
  3985 | D:6      | Reached XP level 8. HP: 39/78 MP: 8/8
  4204 | D:7      | Reached skill level 1 in Evocations
  4271 | D:7      | Reached *** piety under Wu Jian
  4476 | D:7      | Identified the +6 chain mail "Ciusok" {-Cast rC+ rN++
                  | Dex+3}
  4523 | D:7      | Reached skill level 5 in Fighting
  4523 | D:7      | Reached skill level 5 in Dodging
  4523 | D:7      | Reached skill level 6 in Unarmed Combat
  4600 | D:7      | Reached XP level 9. HP: 88/88 MP: 9/9
  5355 | D:8      | Found Gualemoidi's Goods Gallery.
  5551 | D:8      | Found a shimmering blue altar of Sif Muna.
  5770 | D:8      | Reached skill level 5 in Armour
  5773 | D:8      | Reached skill level 7 in Unarmed Combat
  6349 | D:9      | Paralysed by a hornet for 3 turns
  6540 | D:9      | Found Geyps's Weapon Emporium.
  6600 | D:10     | Entered Level 10 of the Dungeon
  6609 | D:10     | Noticed a death knight
  6609 | D:10     | Noticed a freezing wraith
  6609 | D:10     | Noticed a freezing wraith
  6610 | D:10     | Noticed a skeletal warrior
  6610 | D:10     | Noticed a freezing wraith
  6656 | D:10     | Reached XP level 10. HP: 43/98 MP: 10/10
  6829 | D:9      | HP: 2/98 [poisoned by a killer bee]
  6830 | D:9      | Succumbed to a killer bee's poison

Illustrated notes

Levels and vault maps discovered:
D:1:      dpeg_arrival_more_subterranean_lakeside_camping, layout_basic,
          minmay_tromino_v7
D:2:      layout_basic, shapermc_ecumenical_altar_petra, minmay_lizard_pond,
          uniq_terence
D:3:      layout_basic, columned_hall_lemuel, minmay_starry_boxes
D:4:      layout_cave_pools, temple_statues, serial_shops,
          nicolae_shop_temple_entry_statues_fountains, uniq_menkaure
D:5:      layout_gridville
D:6:      layout_loops_ring
D:7:      layout_basic
D:8:      layout_basic, mainiacjoe_overflow_paths, nicolae_alphabet_shops
D:9:      layout_cave_pools, serial_shops, nicolae_lakefront_shop, uniq_erica,
          uniq_maggie
D:10:     layout_cave_pools, due_unseen_surprise
Temple:   kilobyte_greek_temple

Skill      XL: |  1  2  3  4  5  6  7  8  9 |
---------------+----------------------------+-----
Armour         | 1 2 3 4 5 |  5.5
Fighting       | 3 4 5 6 |  6.2
Dodging        | 3 4 5 6 |  6.2
Unarmed Combat | 4 5 6 7 |  7.4
Conjurations   | 1 |  1.2
Air Magic      | 1 |  1.1
Spellcasting   | 1 |  1.0
Evocations     | 1 2 |  2.8
Stealth        | |  1.0

Action                   |  1- 3 |  4- 6 |  7- 9 | 10-12 || total
-------------------------+-------+-------+-------+-------++-------
Melee: Unarmed           |    71 |   144 |   284 |    26 ||   525
       Punch             |     1 |       |     6 |       ||     7
Invok: Whirlwind         |       |    15 |    12 |    14 ||    41
       Lunge             |       |     1 |    11 |       ||    12
 Abil: Wall Jump         |       |     8 |    12 |       ||    20
Evoke: Wand              |       |       |     2 |       ||     2
  Use: Scroll            |       |     1 |    18 |     2 ||    21
       Potion            |       |       |    14 |     3 ||    17
 Stab: Sleeping          |       |     2 |       |       ||     2
       Distracted        |       |     1 |       |       ||     1
Armor: Robe              |    24 |    35 |    97 |    10 ||   166
       Skin              |       |       |       |     5 ||     5
Dodge: Dodged            |    34 |    64 |   162 |    45 ||   305

Table legend: (Time is in decaauts)
 A = Elapsed time spent in this place.
 B = Non-inter-level travel time spent in this place.
 C = Inter-level travel time spent in this place.
 D = Time resting spent in this place.
 E = Time spent auto-exploring this place.
 F = Levels seen in this place.
 G = Mean time per level.
                   A        B        C        D        E       F      G
               +--------+--------+--------+--------+--------+-----+--------+
         Total |   6827 |   6632 |    195 |    778 |   3969 |  11 |  620.6 |
       Dungeon |   6544 |   6379 |    165 |    778 |   3809 |  10 |  654.4 |
        Temple |    283 |    253 |     30 |      0 |    160 |   1 |  283.0 |
               +--------+--------+--------+--------+--------+-----+--------+

Top non-repeatable levels by time:
     D:8: 1198 daAuts
     D:7: 893 daAuts
     D:6: 864 daAuts
     D:2: 835 daAuts
     D:5: 747 daAuts
     D:3: 720 daAuts
     D:4: 477 daAuts
     D:9: 375 daAuts
  Temple: 283 daAuts
    D:10: 222 daAuts
     D:1: 209 daAuts
